 Dungeon Crawl Stone Soup version 0.21.1-1-g345015f (webtiles) character file.

77 Mirai the Sneak (level 4, -1/24 HPs)
             Began as a Kobold Enchanter on Apr 27, 2018.
             Slain by an orc
             ... wielding a +0 trident
              (10 damage)
             ... on level 3 of the Dungeon.
             The game lasted 00:05:39 (2215 turns).

Mirai the Sneak (Kobold Enchanter)                  Turns: 2215, Time: 00:05:40

Health: -1/24      AC:  2    Str: 10    XL:     4   Next: 60%
Magic:  1/7        EV: 13    Int: 16    God:
Gold:   105        SH:  7    Dex: 16    Spells: 2/8 levels left

rFire    . . .     SeeInvis .   o - +2 short sword (freeze)
rCold    . . .     Gourm    .   i - +0 shield
rNeg     . . .     Faith    .   b - +0 robe
rPois    .         Spirit   .   (no helmet)
rElec    .         Reflect  .   (no cloak)
rCorr    .         Harm     .   (no gloves)
MR       .....                  (no boots)
Stlth    ++++......             g - amulet of regeneration
HPRegen  0.48/turn              k - +5 ring of strength
MPRegen  0.10/turn              s - ring of stealth

@: very slightly contaminated
A: small, carnivore
a: no special abilities


You were on level 3 of the Dungeon.
You were completely stuffed.

You visited 1 branch of the dungeon, and saw 3 of its levels.

You collected 105 gold pieces.

Inventory:

Hand Weapons
 o - a +2 short sword of freezing (weapon)
Armour
 b - a +0 robe (worn)
 i - a +0 shield (worn)
 t - a +0 shield
Jewellery
 a - an uncursed ring of fire
 g - an amulet of regeneration (around neck)
 k - a +5 ring of strength (left hand)
 l - an uncursed ring of protection from magic
 s - a ring of stealth (right hand)
Scrolls
 e - a scroll of enchant armour {unknown}
 j - a scroll of identify {unknown}
 m - a scroll of magic mapping {unknown}
 r - a scroll of teleportation {unknown}
Potions
 f - 2 potions of agility {unknown}
 h - a potion of curing {unknown}
 n - a potion of might {unknown}
 p - 3 potions of heal wounds {unknown}
 q - a potion of brilliance {unknown}
Books
 c - a book of Maledictions

   Spells                             Type                      Level
   a - Corona                         Hexes                        1
   b - Ensorcelled Hibernation        Hexes/Ice                    2
   c - Confuse                        Hexes                        3
   d - Tukima's Dance                 Hexes                        3
   e - Dazzling Spray                 Conjuration/Hexes            3
Comestibles
 d - 6 rations


   Skills:
 + Level 0.0 Fighting
 + Level 2.4 Short Blades
 + Level 3.0 Dodging
 * Level 4.7 Stealth
 + Level 0.9 Shields
 + Level 2.6 Spellcasting
 + Level 3.4 Hexes
 + Level 0.1 Ice Magic


You had 2 spell levels left.
You knew the following spells:

 Your Spells              Type           Power        Failure   Level  Hunger
a - Corona                Hex            ##.....      30%         1    #......
b - Ensorcelled Hibernat  Hex/Ice        #.....       65%         2    ##.....
c - Confuse               Hex            ##......     65%         3    ###....


Dungeon Overview and Level Annotations

Branches:
Dungeon (3/15)

Altars:
Ashenzari
The Shining One

Annotations:
D:3 bmj180's ghost, amateur HaBe


Innate Abilities, Weirdness & Mutations

You are small and have problems with some larger weapons.
You are carnivorous and can eat meat at any time.


Message History

The orc closely misses you.
Casting: Ensorcelled Hibernation
Confirm with . or Enter, or press ? or * to list all spells.
Aiming: Ensorcelled Hibernation
Press: ? - help, Shift-Dir - straight line, f/p - orc
Aim: an orc, wielding a trident and wearing a leather armour (chance to defeat MR: 56%)
You miscast Ensorcelled Hibernation.
Strange energies run through your body.
Casting: Ensorcelled Hibernation
Confirm with . or Enter, or press ? or * to list all spells.
Aiming: Ensorcelled Hibernation
Press: ? - help, Shift-Dir - straight line, f/p - orc
Aim: an orc, wielding a trident and wearing a leather armour (chance to defeat MR: 56%)
You miscast Ensorcelled Hibernation.
You hear a crackling sound.
The hobgoblin barely misses you. You block the orc's attack.
You hit the orc. You freeze the orc.
The orc is almost dead.
The orc barely misses you. The hobgoblin misses you.
The hobgoblin closely misses you. The orc hits you with a trident!
You die...

#########
#.'.#.#@#
#.#..bgo#
#.###..##
#..#...(#
#.####$$#
#..#.######
#.........#
#########.#
#.#


You could see an orc, a hobgoblin and a bat.

Vanquished Creatures
  3 adders
  A worm (D:2)
  2 dart slugs (D:2)
  2 leopard geckos (D:1)
  A ball python (D:2)
  4 giant cockroaches
  3 goblins
  3 hobgoblins
  6 kobolds
  A quokka (D:3)
  5 bats
  8 frilled lizards
  3 rats
42 creatures vanquished.

Notes
Turn   | Place    | Note
-------+----------+-------------------------------------------
     0 | D:1      | Mirai the Kobold Enchanter began the quest for the Orb.
     0 | D:1      | Reached XP level 1. HP: 10/10 MP: 3/3
    83 | D:1      | Reached XP level 2. HP: 9/15 MP: 5/5
   121 | D:1      | Found a glowing golden altar of the Shining One.
   189 | D:1      | Learned a level 2 spell: Ensorcelled Hibernation
   601 | D:1      | Reached XP level 3. HP: 19/19 MP: 6/6
   817 | D:2      | Learned a level 3 spell: Confuse
  1055 | D:2      | Found a shattered altar of Ashenzari.
  1379 | D:2      | Reached XP level 4. HP: 23/24 MP: 7/7
  1674 | D:3      | Noticed bmj180's ghost (amateur HaBe)
  2021 | D:3      | Found a faded altar of an unknown god.
  2215 | D:3      | Slain by an orc

Skill      XL: |  1  2  3 |
---------------+----------+-----
Short Blades   | 2 |  2.4
Dodging        | 3 |  3.0
Stealth        | |  4.7
Shields        | |  0.9
Spellcasting   | |  2.6
Hexes          | |  3.4
Ice Magic      | |  0.1

Action                   |  1- 3 |  4- 6 || total
-------------------------+-------+-------++-------
Melee: Dagger            |   100 |    30 ||   130
       Short sword       |       |     4 ||     4
 Cast: Ensorcelled Hiber |     1 |       ||     1
       Corona            |     1 |       ||     1
       Confuse           |       |     1 ||     1
 Stab: Sleeping          |     9 |     4 ||    13
  Eat: Chunk             |    10 |     3 ||    13
Armor: Robe              |    16 |     7 ||    23
Dodge: Dodged            |    62 |    32 ||    94
Block: Shield            |    29 |    12 ||    41
